 Seeded DCSS version 0.27-a0-1347-gd8886f0a89 (webtiles) character file.

Game seed: 4057071836701106858 (custom seed)

28 sanka the Magician (level 3, 25/25 HPs)
             Began as a Djinni Conjurer on June 27, 2021.
             Quit the game on level 1 of the Dungeon.
             The game lasted 00:01:28 (1197 turns).

sanka the Magician (Djinni Conjurer)                Turns: 1197, Time: 00:01:29

Health: 25/25      AC:  2    Str:  6    XL:     3   Next: 27%
Gold:   58         EV: 12    Int: 19    God:
                   SH:  0    Dex: 12

rFire    + + .     SeeInvis .   (no weapon)
rCold    x . .     Faith    .   (no shield)
rNeg     . . .     Spirit   .   a - +0 robe
rPois    ∞         Reflect  .   (no helmet)
rElec    .         Harm     .   (no cloak)
rCorr    .         Rampage  .   (no gloves)
Will     .....                  (boots unavailable)
Stlth    ++........             (no amulet)
HPRegen  0.08/turn              (no ring)
MPRegen  0.00/turn              (no ring)

@: flying
A: sickness immunity, fire resistance 2, cold vulnerability 1, float, innate
caster, hp casting, extra vitality 1
a: no special abilities


You were on level 1 of the Dungeon.
You visited 1 branch of the dungeon, and saw 1 of its levels.

You collected 58 gold pieces.


Innate Abilities, Weirdness & Mutations

You are immune to sickness and miasma.
You are immune to poison.
Your flesh is very heat resistant. (rF++)
You are vulnerable to cold. (rC-)
You float through the air rather than walking.
You learn spells naturally, not from books.
Your magical power is your life essence.
You have superior vitality. (+4 HP)


   Skills:
 - Level 2.1 Dodging
 - Level 1.5 Stealth
 + Level 4.0 Spellcasting


You couldn't memorise any spells.
You knew the following spells:

 Your Spells              Type           Power      Damage    Failure   Level
c - Iskenderun's Mystic   Conj/Tloc      19%        2d6       26%         4
u - Shock                 Conj/Air       76%        1d7       2%          1
x - Searing Ray           Conj           38%        3d4       4%          2
y - Dazzling Flash        Conj/Hex       38%        N/A       8%          3
z - Magic Dart            Conj           76%        1d6       2%          1
Z - Fulminant Prism       Conj/Hex       9%         3d7       26%         4
Your spell library was empty.

Inventory:

Armour
 a - a +0 robe (worn)
Scrolls
 c - a scroll of teleportation {unknown}
 e - a scroll of enchant weapon {unknown}
 f - a scroll of identify {unknown}
 g - a scroll of immolation {unknown}
 h - 3 scrolls of fog {unknown}
Potions
 b - a potion of flight {unknown}
 d - a potion of ambrosia {unknown}

Dungeon Overview and Level Annotations

Branches:
Dungeon (1/15)

Altars:

▒▒▒▒▒▒▒......▒ ▒.▒▒▒▒.▒▒
▒.......▒▒▒▒▒▒ ▒.▒ ▒..▒
▒..)....▒ ▒.▒ ▒▒.▒▒
▒>......▒▒▒▒▒▒▒▒▒▒.▒▒▒▒▒...
▒.......▒▒...............▒.
▒..........▒.........▒▒▒▒▒▒
▒....[.)▒▒▒▒.........^▒ ▒
▒........▒▒▒▒▒▒▒▒▒▒▒▒.▒
▒.........R▒ ▒.▒▒
▒.......▒▒.▒▒▒ ▒.[▒ ▒
▒▒▒▒▒▒▒▒▒▒...▒ ▒▒.▒▒▒▒
▒▒▒.▒ ▒...▒. ▒.▒▒ ▒▒▒...
▒▒▒▒▒▒▒▒▒ ▒▒..▒▒▒ ▒..▒
▒.......▒ ▒.....▒▒▒ ▒▒...
▒.......▒ ▒.▒▒▒...▒ ▒..▒▒
▒.......▒▒ ▒.▒
▒▒▒.▒▒▒▒▒.▒▒▒


There were no monsters in sight!


Message History

HP restored.
Things that are here:
a +0 dagger; a kobold corpse
Found 3 scrolls labelled ILAXKO MUYZUL.
g - a scroll labelled WACVYM IGHEGU
h - 3 scrolls labelled ILAXKO MUYZUL
Found 7 bolts.
A quokka comes into view.
Aiming: Magic Dart (safe; 2% risk of failure)
Aim: a quokka (asleep, 100% to hit)
The magic dart hits the quokka but does no damage.
Aiming: Magic Dart (safe; 2% risk of failure)
Aim: a quokka (100% to hit)
The magic dart hits the quokka.
The quokka is almost dead.
Aiming: Magic Dart (safe; 2% risk of failure)
Aim: a quokka (almost dead, 100% to hit)
The magic dart hits the quokka.
You kill the quokka!
Things that are here:
a +0 dagger; a quokka corpse You see here a hobgoblin skeleton.
There is a stone staircase leading down here.
You see here a +0 club.
Done exploring.
Done exploring.
Done exploring.
Done exploring.
Search for what [? for help]? .
Are you sure you want to abandon this character and quit the game? (Confirm with "yes".)

Action                   || total
-------------------------++-------
 Cast: Magic Dart        ||    51
Armor: Robe              ||     1
Dodge: Dodged            ||     2

Levels and vault maps discovered:
D:1:      saegor_arrival_simple_c, layout_rooms,
          shapermc_ecumenical_altar_mp_urbaneastern

Notes
Turn   | Place    | Note
-------+----------+-------------------------------------------
     0 | D:1      | sanka the Djinni Conjurer began the quest for the Orb.
     0 | D:1      | Reached XP level 1. HP: 15/15 MP: 0/0
   221 | D:1      | Reached XP level 2. HP: 19/21 MP: 0/0
   734 | D:1      | Reached XP level 3. HP: 22/25 MP: 0/0
   734 | D:1      | Learned a level 1 spell: Shock
   861 | D:1      | Found a faded altar of an unknown god.
  1003 | D:1      | Reached skill level 4 in Spellcasting
  1197 | D:1      | Quit the game

Vanquished Creatures
  A dart slug (D:1)
  A bat (D:1)
  An endoplasm (D:1)
  3 goblins (D:1)
  4 hobgoblins (D:1)
  3 jackals (D:1)
  A quokka (D:1)
  2 ball pythons (D:1)
  3 frilled lizards (D:1)
  4 kobolds (D:1)
23 creatures vanquished.
